AA
EUREKA SPRINGS ENERGY @ FREDERICK STARS
08/20/2059
 
TOP OF THE 1ST
Eureka Springs Energy batting - Pitching for Frederick Stars : RHP Judd Shankle
Pitching: RHP Judd Shankle
Batting: LHB Billy Jensen 0-0: DOUBLE (Flyball, 8LXD, EV 98.8 MPH)
Batting: RHB Hilton Ricketts 0-0: Reached on error, E6 (Groundball, 6, EV 96.2 MPH)
Billy Jensen to third
Batting: SHB Joel Elvidge 0-0: Ball
1-0: SINGLE (Groundball, 34D, EV 107.5 MPH)
Billy Jensen scores
Hilton Ricketts to second
Throwing error, E9
Hilton Ricketts scores
Joel Elvidge to second
Batting: LHB Terrance Owens 0-0: Called Strike
0-1: Ball
1-1: Foul Ball, location: 2F
1-2: Ball
2-2: Strikes out swinging
Batting: SHB Maliik Pettiford 0-0: Called Strike
0-1: Ball
1-1: Called Strike
1-2: Strikes out swinging
Batting: LHB Damien Keel 0-0: Ball
1-0: Ball
2-0: Called Strike
2-1: Ball
3-1: Foul Ball, location: 2F
3-2: Reached on error, E6 (Groundball, 6, EV 93.8 MPH)
Joel Elvidge scores
Batting: RHB Stefan Lehn 0-0: Foul Ball, location: 2F
0-1: Foul Ball, location: 2F
0-2: Strikes out looking
Top of the 1st over - 3 runs, 2 hits, 3 errors, 1 left on base; Eureka Springs 3 - Frederick 0
BOTTOM OF THE 1ST
Frederick Stars batting - Pitching for Eureka Springs Energy : RHP Phoenix Greenhalgh
Pitching: RHP Phoenix Greenhalgh
Batting: RHB Mitchell Metz 0-0: SINGLE (Line Drive, 34, EV 96.2 MPH)
Batting: RHB Wyatt Merica 0-0: Called Strike
Mitchell Metz is caught stealing 2nd base 2-4
0-1: Ball
1-1: Swinging Strike
1-2: Ball
2-2: Foul Ball, location: 2F
2-2: Ball
3-2: Base on Balls
Batting: LHB Brad Moore 0-0: Ball
1-0: Called Strike
1-1: Ball
2-1: Foul Ball, location: 2F
2-2: Ball
3-2: Fly out, F9 (Flyball, 89M, EV 83.8 MPH)
Batting: RHB Morgan McManus 0-0: Called Strike
0-1: Ball
1-1: Foul Ball, location: 2F
1-2: Ball
2-2: Ball
3-2: Strikes out looking
Bottom of the 1st over - 0 runs, 1 hit, 0 errors, 1 left on base; Eureka Springs 3 - Frederick 0
TOP OF THE 2ND
Eureka Springs Energy batting - Pitching for Frederick Stars : RHP Judd Shankle
Batting: RHB Joey Hackett 0-0: Swinging Strike
0-1: Fly out, F8 (Flyball, 8RS, EV 83.1 MPH)
Batting: LHB Walter Lynch 0-0: Foul Ball, location: 2F
0-1: Ball
1-1: Foul Ball, location: 2F
1-2: Strikes out swinging
Batting: LHB Billy Jensen 0-0: Ball
1-0: Ball
2-0: Foul Ball, location: 2F
2-1: Swinging Strike
2-2: DOUBLE (Flyball, 8LD, EV 106.9 MPH)
Batting: RHB Hilton Ricketts 0-0: Ball
1-0: Called Strike
1-1: Called Strike
1-2: Strikes out swinging
Top of the 2nd over - 0 runs, 1 hit, 0 errors, 1 left on base; Eureka Springs 3 - Frederick 0
BOTTOM OF THE 2ND
Frederick Stars batting - Pitching for Eureka Springs Energy : RHP Phoenix Greenhalgh
Batting: RHB Fabyon Choi 0-0: Ball
1-0: SINGLE (Groundball, 56D, EV 105.6 MPH)
Batting: RHB Orion Roby 0-0: Ground out 5-3 (Groundball, 25, EV 81.9 MPH)
Fabyon Choi to second
Batting: LHB Harrison Ruto 0-0: Ball
1-0: Ball
2-0: Ball
3-0: Called Strike
3-1: Base on Balls
Batting: RHB Carston Abidugun 0-0: Ball
1-0: DOUBLE (Line Drive, 78D, EV 102.5 MPH)
Fabyon Choi scores
Harrison Ruto to third
Batting: RHB Rylan Phillips 0-0: Swinging Strike
0-1: Foul Ball, location: 2F
0-2: Ball
1-2: Foul Ball, location: 2F
1-2: SINGLE (Groundball, 56, EV 95.0 MPH)
Harrison Ruto scores
Carston Abidugun to third
Batting: RHB Mitchell Metz 0-0: SINGLE (Groundball, 56D, EV 105.0 MPH)
Carston Abidugun scores
Rylan Phillips to second
Batting: RHB Wyatt Merica 0-0: 3-RUN HOME RUN (Flyball, 78XD, EV 109.4 MPH), Distance : 421 ft
Batting: LHB Brad Moore 0-0: Called Strike
0-1: Swinging Strike
0-2: Ball
1-2: Foul Ball, location: 2F
1-2: Ball
2-2: Ball
3-2: Ground out 5-3 (Groundball, 56, EV 90.6 MPH)
Batting: RHB Morgan McManus 0-0: DOUBLE (Flyball, 8RXD, EV 96.9 MPH)
Pitching: LHP James Hartnett
Batting: RHB Fabyon Choi 0-0: Ball
1-0: Ball
2-0: Ball
3-0: Called Strike
3-1: Base on Balls
Batting: RHB Orion Roby 0-0: Called Strike
0-1: Foul Ball, location: 2F
0-2: Ball
1-2: Ball
2-2: SINGLE (Line Drive, 9S, EV 107.5 MPH)
Morgan McManus to third
Fabyon Choi to second
Runner from 3rd tries for Home, SAFE, throw by RF to home
Batting: LHB Harrison Ruto 0-0: Ball
1-0: Ball
2-0: Called Strike
2-1: Ball
3-1: Base on Balls
Fabyon Choi to third
Orion Roby to second
Batting: RHB Carston Abidugun 0-0: Foul Ball, location: 2F
0-1: Ball
1-1: Ball
2-1: Swinging Strike
2-2: Fielders Choice at 2nd, 6-4 (Groundball, 6, EV 86.2 MPH)
Bottom of the 2nd over - 7 runs, 7 hits, 0 errors, 3 left on base; Eureka Springs 3 - Frederick 7
TOP OF THE 3RD
Eureka Springs Energy batting - Pitching for Frederick Stars : RHP Judd Shankle
Batting: SHB Joel Elvidge 0-0: Ball
1-0: Called Strike
1-1: Foul Ball, location: 2F
1-2: Strikes out looking
Batting: LHB Terrance Owens 0-0: Foul Ball, location: 2F
0-1: Ball
1-1: Fly out, F8 (Flyball, 8LD, EV 100.6 MPH)
Batting: SHB Maliik Pettiford 0-0: Swinging Strike
0-1: Foul Ball, location: 2F
0-2: Ball
1-2: Foul Ball, location: 2F
1-2: Ball
2-2: Ball
3-2: Strikes out looking
Top of the 3rd over - 0 runs, 0 hits, 0 errors, 0 left on base; Eureka Springs 3 - Frederick 7
BOTTOM OF THE 3RD
Frederick Stars batting - Pitching for Eureka Springs Energy : LHP James Hartnett
Batting: RHB Rylan Phillips 0-0: Called Strike
0-1: Ball
1-1: Swinging Strike
1-2: Strikes out swinging
Batting: RHB Mitchell Metz 0-0: Ball
1-0: Called Strike
1-1: Foul Ball, location: 2F
1-2: Ball
2-2: Ball
3-2: Fly out, F7 (Flyball, 78M, EV 88.1 MPH)
Batting: RHB Wyatt Merica 0-0: Called Strike
0-1: Foul Ball, location: 2F
0-2: Ball
1-2: DOUBLE (Line Drive, 9LM, EV 90.6 MPH)
Batting: LHB Brad Moore 0-0: Ball
1-0: Swinging Strike
1-1: Foul Ball, location: 2F
1-2: Ball
2-2: Strikes out looking
Bottom of the 3rd over - 0 runs, 1 hit, 0 errors, 1 left on base; Eureka Springs 3 - Frederick 7
TOP OF THE 4TH
Eureka Springs Energy batting - Pitching for Frederick Stars : RHP Judd Shankle
Batting: LHB Damien Keel 0-0: Ball
1-0: DOUBLE (Line Drive, 78M, EV 100.6 MPH)
Batting: RHB Stefan Lehn 0-0: Ball
1-0: Ball
2-0: Called Strike
2-1: Called Strike
2-2: Ground out 5-3 (Groundball, 56S, EV 83.1 MPH)
Batting: RHB Joey Hackett 0-0: Ball
1-0: Called Strike
1-1: Foul Ball, location: 2F
1-2: Strikes out swinging
Batting: LHB Walter Lynch 0-0: Swinging Strike
0-1: Ball
1-1: Foul Ball, location: 2F
1-2: Ball
2-2: Foul Ball, location: 2F
2-2: Strikes out swinging
Top of the 4th over - 0 runs, 1 hit, 0 errors, 1 left on base; Eureka Springs 3 - Frederick 7
BOTTOM OF THE 4TH
Frederick Stars batting - Pitching for Eureka Springs Energy : LHP James Hartnett
Pitching: RHP Mike Reppert
Batting: RHB Morgan McManus 0-0: Swinging Strike
0-1: Swinging Strike
0-2: Ball
1-2: Strikes out swinging
Batting: RHB Fabyon Choi 0-0: Ball
1-0: Foul Ball, location: 2F
1-1: Foul Ball, location: 2F
1-2: Strikes out swinging
Batting: RHB Orion Roby 0-0: Ball
1-0: Called Strike
1-1: Ball
2-1: Ground out 4-3 (Groundball, 4, EV 82.5 MPH)
Bottom of the 4th over - 0 runs, 0 hits, 0 errors, 0 left on base; Eureka Springs 3 - Frederick 7
TOP OF THE 5TH
Eureka Springs Energy batting - Pitching for Frederick Stars : RHP Judd Shankle
Batting: LHB Billy Jensen 0-0: Called Strike
0-1: Ball
1-1: Ball
2-1: Swinging Strike
2-2: Foul Ball, location: 2F
2-2: SINGLE (Line Drive, 7S, EV 90.6 MPH)
Batting: RHB Hilton Ricketts 0-0: Called Strike
0-1: Ball
1-1: Foul Ball, location: 2F
1-2: Strikes out swinging
Batting: SHB Joel Elvidge 0-0: Ball
Billy Jensen steals 2nd base
1-0: Foul Ball, location: 2F
1-1: Called Strike
1-2: Strikes out looking
Batting: LHB Terrance Owens 0-0: Ball
1-0: Ball
2-0: Foul Ball, location: 2F
2-1: DOUBLE (Line Drive, 89M, EV 89.4 MPH)
Billy Jensen scores
Batting: SHB Maliik Pettiford 0-0: SINGLE (Groundball, 3L, EV 95.0 MPH)
Terrance Owens to third
Runner from 3rd tries for Home, SAFE, throw by RF to home
Maliik Pettiford to second
Batting: LHB Damien Keel 0-0: Ball
1-0: SINGLE (Groundball, 6MD, EV 108.8 MPH)
Maliik Pettiford to third
Runner from 3rd tries for Home, SAFE, throw by CF to home
Batting: RHB Stefan Lehn 0-0: Ball
Damien Keel is caught stealing 2nd base 2-4
Top of the 5th over - 3 runs, 4 hits, 0 errors, 0 left on base; Eureka Springs 6 - Frederick 7
BOTTOM OF THE 5TH
Frederick Stars batting - Pitching for Eureka Springs Energy : RHP Mike Reppert
Batting: LHB Harrison Ruto 0-0: Ball
1-0: Called Strike
1-1: Ground out 6-3 (Groundball, 6M, EV 87.5 MPH)
Batting: RHB Carston Abidugun 0-0: Ball
1-0: Ball
2-0: Ground out 4-3 (Groundball, 4, EV 88.1 MPH)
Batting: RHB Rylan Phillips 0-0: Fly out, F9 (Flyball, 9, EV 88.8 MPH)
Bottom of the 5th over - 0 runs, 0 hits, 0 errors, 0 left on base; Eureka Springs 6 - Frederick 7
TOP OF THE 6TH
Eureka Springs Energy batting - Pitching for Frederick Stars : RHP Judd Shankle
Batting: RHB Stefan Lehn 0-0: Ball
1-0: Ball
2-0: Foul Ball, location: 2F
2-1: Swinging Strike
2-2: Strikes out swinging
Batting: RHB Joey Hackett 0-0: Ball
1-0: Called Strike
1-1: Foul Ball, location: 2F
1-2: Foul Ball, location: 2F
1-2: Ground out 3-1 (Groundball, 34, EV 106.2 MPH)
Batting: LHB Walter Lynch 0-0: Called Strike
0-1: Foul Ball, location: 2F
0-2: Strikes out looking
Top of the 6th over - 0 runs, 0 hits, 0 errors, 0 left on base; Eureka Springs 6 - Frederick 7
BOTTOM OF THE 6TH
Frederick Stars batting - Pitching for Eureka Springs Energy : RHP Mike Reppert
Batting: RHB Mitchell Metz 0-0: Ball
1-0: Called Strike
1-1: Foul Ball, location: 2F
1-2: Strikes out swinging
Batting: RHB Wyatt Merica 0-0: SINGLE (Groundball, 56D, EV 96.9 MPH)
Batting: LHB Brad Moore 0-0: Foul Ball, location: 2F
0-1: Ball
Wyatt Merica steals 2nd base
1-1: Foul Ball, location: 2F
1-2: Ball
2-2: Foul Ball, location: 2F
2-2: SINGLE (Groundball, 25, EV 70.0 MPH) (infield hit)
Wyatt Merica to third
Pitching: LHP Lee Carmona
Pinch Runner at 1st Jay Atwood:
Batting: RHB Morgan McManus 0-0: Fly out, F7 (Flyball, 78S, EV 92.5 MPH)
Batting: RHB Fabyon Choi 0-0: SINGLE (Line Drive, 4MD, EV 98.8 MPH)
Wyatt Merica scores
Jay Atwood to second
Runner from 2nd tries for 3rd, SAFE, throw by CF made to third
Batting: RHB Orion Roby 0-0: Fly out, F7 (Flyball, 7S, EV 93.8 MPH)
Bottom of the 6th over - 1 run, 3 hits, 0 errors, 2 left on base; Eureka Springs 6 - Frederick 8
TOP OF THE 7TH
Eureka Springs Energy batting - Pitching for Frederick Stars : RHP Judd Shankle
Pitching: LHP Holden Elkins
Batting: LHB Billy Jensen 0-0: Ball
1-0: Foul Ball, location: 2F
1-1: Swinging Strike
1-2: Strikes out swinging
Pitching: RHP Elias Krause
Batting: RHB Hilton Ricketts 0-0: Ball
1-0: Foul Ball, location: 2F
1-1: Swinging Strike
1-2: Ball
2-2: Ball
3-2: Fly out, F7 (Flyball, 7LM, EV 91.9 MPH)
Batting: SHB Joel Elvidge 0-0: Ball
1-0: Ball
2-0: Ball
3-0: Called Strike
3-1: Single, Error in OF, E8, batter to second base (Line Drive, 78S, EV 92.5 MPH)
Batting: LHB Terrance Owens 0-0: Ball
1-0: Ball
2-0: SINGLE (Groundball, 34D, EV 95.6 MPH)
Joel Elvidge to third
Runner from 3rd tries for Home, SAFE, throw by RF to home
Batting: SHB Maliik Pettiford 0-0: Ball
1-0: Called Strike
1-1: Foul Ball, location: 2F
1-2: Foul Ball, location: 2F
1-2: Ball
2-2: Strikes out looking
Top of the 7th over - 1 run, 2 hits, 1 error, 1 left on base; Eureka Springs 7 - Frederick 8
BOTTOM OF THE 7TH
Frederick Stars batting - Pitching for Eureka Springs Energy : LHP Lee Carmona
Batting: LHB Harrison Ruto 0-0: Called Strike
0-1: Called Strike
0-2: Ball
1-2: Strikes out swinging
Batting: RHB Carston Abidugun 0-0: Ball
1-0: Hit by Pitch
Batting: RHB Rylan Phillips 0-0: Foul Ball, location: 2F
0-1: Ball
1-1: Foul Ball, location: 2F
1-2: Ball
2-2: Fielders Choice at 2nd, 5-4 (Groundball, 56, EV 90.6 MPH)
Batting: RHB Mitchell Metz 0-0: Foul Ball, location: 2F
0-1: Called Strike
0-2: SINGLE (Line Drive, 4MD, EV 106.9 MPH)
Rylan Phillips to second
Batting: RHB Wyatt Merica 0-0: Ball
1-0: Ball
2-0: Ball
3-0: Called Strike
3-1: SINGLE (Flyball, 78S, EV 92.5 MPH)
Rylan Phillips to third
Mitchell Metz to second
Runner from 3rd tries for Home, SAFE, throw by LF to home
Batting: RHB Jay Atwood 0-0: Ball
1-0: Called Strike
1-1: Foul Ball, location: 2F
1-2: Foul Ball, location: 2F
1-2: Strikes out looking
Bottom of the 7th over - 1 run, 2 hits, 0 errors, 2 left on base; Eureka Springs 7 - Frederick 9
TOP OF THE 8TH
Eureka Springs Energy batting - Pitching for Frederick Stars : RHP Elias Krause
Batting: LHB Damien Keel 0-0: Ball
1-0: Ball
2-0: Ground out 1-3 (Groundball, P, EV 64.4 MPH)
Pinch Hitting: LHB R.C. Heydt 0-0: Ball
1-0: Called Strike
1-1: Foul Ball, location: 2F
1-2: Ball
2-2: Foul Ball, location: 2F
2-2: Ball
3-2: Base on Balls
Batting: RHB Joey Hackett 0-0: Called Strike
0-1: Fly out, F9 (Flyball, 89M, EV 88.1 MPH)
Batting: LHB Walter Lynch 0-0: Ball
1-0: Called Strike
1-1: Swinging Strike
1-2: SINGLE (Flyball, 6D, EV 82.5 MPH)
R.C. Heydt to second
Pitching: LHP Tyrek Hali
Batting: LHB Billy Jensen 0-0: Called Strike
0-1: Ball
1-1: Called Strike
1-2: Strikes out swinging
Top of the 8th over - 0 runs, 1 hit, 0 errors, 2 left on base; Eureka Springs 7 - Frederick 9
BOTTOM OF THE 8TH
Frederick Stars batting - Pitching for Eureka Springs Energy : LHP Lee Carmona
Pitching: RHP Griffin Phillips
Now in CF: Billy Thweatt
Batting: RHB Morgan McManus 0-0: Ball
1-0: SOLO HOME RUN (Flyball, 9LD, EV 93.1 MPH), Distance : 331 ft
Batting: RHB Fabyon Choi 0-0: Called Strike
0-1: Swinging Strike
0-2: Reached on error, E6 (Groundball, 6, EV 85.0 MPH)
Batting: RHB Orion Roby 0-0: Called Strike
0-1: Bunted foul
0-2: Ball
1-2: Ball
2-2: Foul Ball, location: 2F
2-2: Fly out, F8 (Flyball, 8RM, EV 85.6 MPH)
Batting: LHB Harrison Ruto 0-0: Ball
1-0: Foul Ball, location: 2F
1-1: Swinging Strike
Passed Ball!
Fabyon Choi to second
1-2: Ball
2-2: Foul Ball, location: 2F
2-2: Strikes out swinging
Batting: RHB Carston Abidugun 0-0: Ball
1-0: Called Strike
1-1: Foul Ball, location: 2F
1-2: Foul Ball, location: 2F
1-2: Ball
2-2: Strikes out swinging
Bottom of the 8th over - 1 run, 1 hit, 1 error, 1 left on base; Eureka Springs 7 - Frederick 10
TOP OF THE 9TH
Eureka Springs Energy batting - Pitching for Frederick Stars : LHP Tyrek Hali
Batting: RHB Hilton Ricketts 0-0: Called Strike
0-1: Ball
1-1: Swinging Strike
1-2: Ball
2-2: Strikes out looking
Batting: SHB Joel Elvidge 0-0: Foul Ball, location: 2F
0-1: Called Strike
0-2: Ball
1-2: Foul Ball, location: 2F
1-2: Strikes out swinging, 2-3 out at first.
Batting: LHB Terrance Owens 0-0: Ball
1-0: Called Strike
1-1: SINGLE (Flyball, 5D, EV 85.0 MPH)
Batting: SHB Maliik Pettiford 0-0: Foul Ball, location: 2F
0-1: Ball
1-1: Swinging Strike
1-2: Strikes out swinging
Top of the 9th over - 0 runs, 1 hit, 0 errors, 1 left on base; Eureka Springs 7 - Frederick 10
Monday, March 25th , 2024 - OOTP Baseball 23.10 Build 110